 Dungeon Crawl Stone Soup version 0.26-a0-505-g732bf3b8d2 (webtiles) character file.

Game seed: 11182730336438581512

882 KristoblXynda the Sneak (level 7, -5/78 HPs)
             Began as a Vampire Gladiator on Aug 9, 2020.
             Was an Initiate of Ashenzari.
             Killed by divine providence
             ... invoked by an orc priest
              (14 damage)
             ... on level 5 of the Dungeon.
             The game lasted 00:07:29 (4753 turns).

KristoblXynda the Sneak (Vampire Gladiator)         Turns: 4753, Time: 00:07:30

Health: -5/78      AC: 23    Str: 15    XL:     7   Next: 76%
Magic:  7/7        EV:  2    Int: 11    God:    Ashenzari [......]
Gold:   237        SH:  5    Dex: 15    Spells: 6/6 levels left

rFire    . . .     SeeInvis +   a - +0 long sword
rCold    . . .     Faith    .   g - +0 buckler
rNeg     + + +     Spirit   .   (armour currently unavailable)
rPois    +         Reflect  .   (helmet currently unavailable)
rElec    .         Harm     .   (cloak currently unavailable)
rCorr    .         NoTele   +   (gloves currently unavailable)
MR       .....                  (boots currently unavailable)
Stlth    +++.......             (no amulet)
HPRegen  0.43/turn              (no ring)
MPRegen  0.10/turn              (no ring)

@: tree-form, regenerating quickly
A: see invisible
a: Exsanguinate, Curse Item, Renounce Religion


You were on level 5 of the Dungeon.
You worshipped Ashenzari.
Ashenzari was noncommittal.
You were a tree.
You visited 2 branches of the dungeon, and saw 6 of its levels.

You collected 237 gold pieces.

Inventory:

Hand Weapons
 a - a +0 long sword (weapon)
Missiles
 d - a throwing net (quivered)
Armour
 c - a +0 helmet (melded)
 g - a +0 buckler (worn)
 h - a +0 ring mail (melded)
 n - a +0 pair of gloves (melded)
Jewellery
 j - an uncursed ring of fire
Wands
 i - a wand of disintegration (3)
 t - a wand of paralysis (13)
Scrolls
 e - 2 scrolls of blinking {unknown}
 f - a scroll of immolation {unknown}
 l - 2 scrolls of enchant armour
 o - a scroll of random uselessness {unknown}
 p - 4 scrolls of remove curse
 r - 2 scrolls of magic mapping {unknown}
 s - a scroll of teleportation {unknown}
Potions
 b - a potion of mutation
 k - a potion of lignification
 u - a potion of heal wounds


   Skills:
 - Level 3.1 Fighting
 + Level 5.2 Long Blades
 - Level 2.0 Throwing
 + Level 5.9 Dodging
 + Level 6.2 Stealth
 + Level 2.8 Shields


You had 6 spell levels left.
You didn't know any spells.
Your spell library was empty.

Dungeon Overview and Level Annotations

Branches:
Dungeon (5/15)             Temple (1/1) D:4

Altars:
Ashenzari
Cheibriados
Elyvilon
Gozag
Hepliaklqana
Nemelex Xobeh
Okawaru
Trog
Uskayaw
Wu Jian
Xom
Yredelemnul
Zin


Innate Abilities, Weirdness & Mutations

Your natural rate of healing is unusually fast.
((You have razor-sharp teeth.))
You have supernaturally acute eyesight. (SInv)
((You can survive without breathing.))


Message History

The orc is almost dead.
You block the orc's attack.
You hit the orc.
You kill the orc!
The orc priest looks braver for a moment.
You hit the orc.
The orc is heavily wounded.
The orc hits you but does no damage.
The orc priest miscasts a cantrip.
You closely miss the orc.
The orc is moderately wounded.
You block the orc's attack.
The orc priest mumbles some strange prayers to Beogh against you.
Beogh smites you!
* * * LOW HITPOINT WARNING * * *
You completely miss the orc.
The orc is moderately wounded.
The orc priest calls down the wrath of Beogh upon you.
Beogh smites you!
You die...

#.......##
#...).###
#..#.##
####..#.#
........#
##..##..#
#
#..#######
#.)......#
#♣##.###..
#o# .#


oo# # ..o. ..... .....## ......# .......# You could see 2 orc priests and 2
orcs.

Vanquished Creatures
  A phantom (D:4)
  An ogre (D:4)
  4 killer bees (D:3)
  An orc priest (D:3)
  A hound (D:4)
  2 orc wizards
  Natasha (thrice) (D:3)
  4 worker ants (D:4)
  A hound skeleton (D:4)
  3 gnolls (D:3)
  9 adders
  An ufetubus (D:5)
  3 worms
  2 dart slugs
  4 leopard geckos
  14 orcs
  10 bats
  8 giant cockroaches
  2 goblins (D:3)
  10 hobgoblins
  2 jackals (D:3)
  4 quokkas
  4 ball pythons (D:3)
  8 frilled lizards
  6 kobolds
  9 rats
117 creatures vanquished.

Vanquished Creatures (others)
  A plant (D:3)
1 creature vanquished.

Grand Total: 118 creatures vanquished

Notes
Turn   | Place    | Note
-------+----------+-------------------------------------------
     0 | D:1      | KristoblXynda the Vampire Gladiator began the quest for the
                  | Orb.
     0 | D:1      | Reached XP level 1. HP: 16/16 MP: 1/1
   173 | D:1      | Reached XP level 2. HP: 22/22 MP: 2/2
   671 | D:2      | Reached XP level 3. HP: 14/27 MP: 3/3
   975 | D:2      | Reached skill level 1 in Stealth
  1920 | D:3      | Reached XP level 4. HP: 32/34 MP: 4/4
  2042 | D:3      | Noticed Natasha
  2050 | D:3      | Killed Natasha
  2050 | D:3      | Reached skill level 2 in Stealth
  2233 | D:3      | Reached XP level 5. HP: 31/40 MP: 5/5
  2409 | D:3      | Reached skill level 3 in Stealth
  2479 | D:3      | Reached XP level 6. HP: 25/47 MP: 6/6
  2492 | D:3      | Reached skill level 4 in Stealth
  2492 | D:3      | Reached skill level 1 in Shields
  2492 | D:3      | HP: 3/70 [poisoned by a killer bee]
  2498 | D:3      | HP: 3/70 [poisoned by a killer bee]
  2506 | D:3      | HP: 3/70 [poisoned by a killer bee]
  2514 | D:3      | HP: 2/47 [poisoned by a killer bee]
  2908 | D:3      | Found a faded altar of an unknown god.
  3063 | D:3      | Reached skill level 5 in Dodging
  3109 | D:3      | Noticed Natasha
  3113 | D:3      | Killed Natasha
  3219 | D:3      | Noticed Natasha
  3231 | D:3      | Killed Natasha
  3526 | D:4      | Found a staircase to the Ecumenical Temple.
  3529 | D:4      | Reached XP level 7. HP: 52/52 MP: 7/7
  3537 | Temple   | Entered the Ecumenical Temple
  3556 | Temple   | Became a worshipper of Ashenzari the Shackled
  3690 | D:4      | Reached skill level 5 in Stealth
  4098 | D:4      | Reached skill level 5 in Long Blades
  4342 | D:4      | Reached skill level 6 in Stealth
  4592 | D:5      | Entered Level 5 of the Dungeon
  4753 | D:5      | Killed from afar by an orc priest

Illustrated notes

Levels and vault maps discovered:
D:1:      psy_arrival_conway, layout_rooms, minmay_vboxes
D:2:      layout_basic
D:3:      layout_loops_corners, chequers_ecumenical_altar_simple_redux,
          saegor_snake_ambush, uniq_natasha
D:4:      layout_loops_ring, minmay_temple_entry_tees, minmay_unequal
D:5:      layout_rooms, minitemple, dk_noncrumbling_3,
          kennysheep_generic_room_11
Temple:   dshaligram_water_room_temple

Skill      XL: |  1  2  3  4  5  6  7 |
---------------+----------------------+-----
Fighting       | 2 3 |  3.1
Throwing       | 2 |  2.0
Stealth        | 1 2 3 4 6 |  6.2
Dodging        | 4 5 |  5.9
Long Blades    | 4 5 |  5.2
Shields        | 1 2 |  2.8

Action                   |  1- 3 |  4- 6 |  7- 9 || total
-------------------------+-------+-------+-------++-------
Melee: Long sword        |   133 |   168 |   105 ||   406
       Bite              |    14 |    25 |    16 ||    55
Throw: Throwing net      |       |     3 |       ||     3
Evoke: Wand              |       |       |     2 ||     2
  Use: Scroll            |       |     4 |     2 ||     6
       Potion            |       |     4 |     1 ||     5
 Stab: Sleeping          |     2 |     4 |     5 ||    11
       Distracted        |       |     1 |       ||     1
Armor: Leather armour    |    47 |    24 |       ||    71
       Ring mail         |       |    35 |    20 ||    55
       Skin              |       |     1 |     1 ||     2
Dodge: Dodged            |    98 |   160 |    53 ||   311
Block: Buckler           |       |     3 |    25 ||    28
       Rpst.: Long sword |    33 |    54 |    20 ||   107

Table legend: (Time is in decaauts)
 A = Elapsed time spent in this place.
 B = Non-inter-level travel time spent in this place.
 C = Inter-level travel time spent in this place.
 D = Time resting spent in this place.
 E = Time spent auto-exploring this place.
 F = Levels seen in this place.
 G = Mean time per level.
                   A        B        C        D        E       F      G
               +--------+--------+--------+--------+--------+-----+--------+
         Total |   4872 |   4741 |    131 |    934 |   2629 |   6 |  812.0 |
       Dungeon |   4742 |   4629 |    113 |    934 |   2537 |   5 |  948.4 |
        Temple |    130 |    112 |     18 |      0 |     92 |   1 |  130.0 |
               +--------+--------+--------+--------+--------+-----+--------+

Top non-repeatable levels by time:
     D:3: 1602 daAuts
     D:2: 1334 daAuts
     D:4: 1026 daAuts
     D:1: 612 daAuts
     D:5: 165 daAuts
  Temple: 130 daAuts
